 Dungeon Crawl Stone Soup version 0.29.0-13-gc9e81de378 (webtiles) character file.

Game seed: 2740742458432723406

1000 keekatzer the Caller (level 8, -5/63 HPs)
             Began as a Ghoul Summoner on Sept 9, 2022.
             Was a Believer of Ru.
             Slain by an ogre
             ... wielding a +0 giant spiked club
              (31 damage)
             ... on level 6 of the Dungeon.
             The game lasted 00:26:58 (4988 turns).

keekatzer the Caller (Ghoul Summoner)               Turns: 4988, Time: 00:26:58

Health: -5/63      AC:  7    Str: 12    XL:     8   Next: 19%
Magic:  8/11       EV: 12    Int: 10    God:    Ru [**....]
Gold:   183        SH:  0    Dex: 11    Spells: 7/13 levels left

rFire   x . .      SeeInvis .   i - +9 hand axe of Omunler {vorpal, +Blink rPois rC+}
rCold   + . .      Faith    .   (no shield)
rNeg    + + +      Spirit   .   f - +0 leather armour
rPois   ∞          Reflect  .   B - +0 helmet
rElec   .          Harm     .   (no cloak)
rCorr   .          Rampage  .   A - +2 pair of gloves
Will    .....                   (no boots)
Stlth   ++........              (no amulet)
HPRegen 0.00/turn               (no ring)
MPRegen 0.12/turn               (no ring)

@: inhibited regen
A: claws 1, cold resistance 1, negative energy resistance 3, inhibited
regeneration, torment resistance 2, temperature sensitive, devour on kill
a: Renounce Religion, Evoke Blink


You were on level 6 of the Dungeon.
You worshipped Ru.
Ru was pleased with you.
You visited 1 branch of the dungeon, and saw 6 of its levels.

You collected 183 gold pieces.

Inventory:

Hand Weapons
 g - a +0 spear
 i - the +9 hand axe of Omunler (weapon) {vorpal, +Blink rPois rC+}
   (You found it on level 5 of the Dungeon)

   It inflicts extra damage upon your enemies.
   rC:        It protects you from cold.
   rPois:     It protects you from poison.
   +Blink:    It lets you blink.
 k - a +0 dagger
Missiles
 x - 6 silver boomerangs
Armour
 f - a +0 leather armour (worn)
 n - a +0 ring mail
 A - a +2 pair of gloves (worn)
 B - a +0 helmet (worn)
Wands
 w - a wand of paralysis (4)
Scrolls
 a - a scroll of vulnerability {unknown}
 d - a scroll of enchant weapon {unknown}
 h - a scroll of silence {unknown}
 j - 3 scrolls of identify {unknown}
 m - a scroll of torment {unknown}
 q - a scroll of acquirement {unknown}
 t - a scroll of magic mapping {unknown}
 v - a scroll of immolation {unknown}
 y - a scroll of poison {unknown}
 z - a scroll of brand weapon {unknown}
Potions
 b - a potion of magic
 c - 3 potions of degeneration {unknown}
 e - 2 potions of mutation {unknown}
 l - a potion of resistance {unknown}
 o - 3 potions of heal wounds {unknown}
 p - 3 potions of lignification {unknown}
 s - 4 potions of curing {unknown}
 u - 3 potions of brilliance {unknown}


   Skills:
 + Level 3.5 Fighting
 * Level 2.3 Axes
 * Level 2.9 Armour
 + Level 3.5 Dodging
 - Level 3.0 Stealth
 - Level 3.0 Spellcasting
 * Level 6.0 Summonings


You had 7 spell levels left.
You knew the following spells:

 Your Spells              Type           Power      Damage    Failure   Level
a - Summon Small Mammal   Summ           52%        N/A       3%          1
b - Call Imp              Summ           13%        N/A       4%          2
c - Call Canine Familiar  Summ           13%        N/A       9%          3

Your spell library contained the following spells:

 Spells                   Type           Power      Damage    Failure   Level
 Summon Guardian Golem    Hex/Summ       7%         N/A       30%         3
 Summon Lightning Spire   Summ/Air       7%         N/A       71%         4
 Dispersal                Tloc           0%         N/A       100%        6
 Disjunction              Tloc           0%         N/A       100%        8


Dungeon Overview and Level Annotations

Branches:
Dungeon (6/15)
 Temple: D:4-7

Altars:
Cheibriados
Qazlal
Ru
Vehumet
Wu Jian
Xom

Shops:
D:1 :   D:4 (


Innate Abilities, Weirdness & Mutations

You are immune to poison.
You have sharp fingernails.
Your flesh is cold resistant. (rC+)
You are immune to negative energy. (rN+++)
You do not regenerate when monsters are visible.
You are immune to unholy pain and torment.
You are sensitive to extremes of temperature. (rF-, rC-)
You thrive by killing the living.


Message History

You closely miss the hound.
The hound is heavily wounded.
You hit the gnoll but do no damage. You closely miss the ufetubus.
The ufetubus misses you. The ufetubus barely misses you.
The hound bites you but does no damage. The gnoll closely misses you.
The gnoll barely misses you.
The ufetubus hits you but does no damage. x2
The hound bites you but does no damage.
You slash the hound!
You kill the hound!
You feel better.
You hit the gnoll.
You kill the gnoll!
You closely miss the ufetubus. The ufetubus misses you. The ufetubus hits you.
You focus your inner power and illuminate the ufetubus in retribution!
The gnoll hits you but does no damage.
The ufetubus hits you but does no damage.
The ufetubus barely misses you.
The gnoll hits you from afar with a +0 spear.
Your Summonings skill increases to level 6!
You barely miss the ufetubus.
The ufetubus is almost dead.
You redirect the ufetubus's attack!
The ufetubus closely misses itself. x2; The ufetubus closely misses you.
The ufetubus hits you but does no damage.
The gnoll hits you but does no damage.
Unknown command.
The ufetubus is stunned by your conviction and fails to attack.
There is a stone staircase leading up here.
You see here a hound corpse.
You hit the ogre.
The ogre is moderately wounded.
You hit the ufetubus.
You kill the ufetubus!
The gnoll hits you from afar with a +0 spear.
The ogre hits you with a +0 giant spiked club!
You barely miss the ogre.
The ogre is moderately wounded.
The gnoll barely misses you.
The ogre hits you with a +0 giant spiked club!!
You die...

## #..... ...
#....#
#$###....####
##.........>.##
#..........#...
#...$........
#.......Og#
#@.)# #.).#
.....# #..##..#
.... .... ####
##>## .# ##


You could see an ogre and a gnoll.

Vanquished Creatures
  Menkaure (D:5)
  An ice beast (D:5)
  2 scorpions
  3 hounds
  An iguana (D:5)
  7 gnolls
  3 adders
  A shadow imp (D:5)
  2 white imps
  An ufetubus (D:6)
  A worm (D:2)
  2 dart slugs
  4 endoplasms
  5 giant cockroaches
  2 goblins
  5 hobgoblins
  2 quokkas
  5 ball pythons
  3 bats
  3 frilled lizards
  3 goblin zombies (D:3)
  A hobgoblin zombie (D:3)
  A kobold (D:2)
  3 kobold skeletons (D:3)
  An orc zombie (D:3)
  3 rats
66 creatures vanquished.

Vanquished Creatures (collateral kills)
  A black bear (D:5)
  A scorpion (D:5)
  3 hounds (D:4)
  An orc wizard (D:3)
  4 adders
  3 gnolls (D:5)
  An orc (D:4)
  An endoplasm (D:4)
  2 giant cockroaches
  A goblin (D:1)
  2 ball pythons
  2 bats (D:3)
  2 frilled lizards
  3 kobolds
  A kobold zombie (D:3)
  An orc zombie (D:3)
  A rat (D:1)
30 creatures vanquished.

Vanquished Creatures (others)
  2 orc wizards (D:3)
2 creatures vanquished.

Grand Total: 98 creatures vanquished

Notes
Turn   | Place    | Note
-------+----------+-------------------------------------------
     0 | D:1      | keekatzer the Ghoul Summoner began the quest for the Orb.
     0 | D:1      | Reached XP level 1. HP: 14/14 MP: 2/2
    86 | D:1      | Found Telanis's Book Boutique.
   307 | D:1      | Reached XP level 2. HP: 8/22 MP: 0/3
   728 | D:1      | Found a faded altar of an unknown god.
   934 | D:1      | Learned a level 2 spell: Call Imp
  1121 | D:2      | Reached XP level 3. HP: 20/27 MP: 2/5
  1162 | D:2      | Reached skill level 1 in Fighting
  1179 | D:2      | Reached skill level 4 in Summonings
  1405 | D:2      | Reached XP level 4. HP: 32/35 MP: 3/6
  2357 | D:3      | Reached skill level 1 in Armour
  2513 | D:3      | Learned a level 3 spell: Call Canine Familiar
  2523 | D:3      | Found a stormy altar of Qazlal.
  2523 | D:3      | Noticed an air elemental
  2525 | D:3      | Noticed a fire elemental
  2525 | D:3      | Noticed an earth elemental
  2525 | D:3      | Noticed a water elemental
  2634 | D:3      | Reached XP level 5. HP: 19/40 MP: 2/7
  3088 | D:3      | Found a sacrificial altar of Ru.
  3114 | D:3      | Became a worshipper of Ru the Awakened
  3282 | D:4      | Found a shimmering altar of Xom.
  3377 | D:4      | Found Rifu's Weapon Boutique.
  3391 | D:4      | Reached XP level 6. HP: 48/48 MP: 2/8
  3745 | D:4      | Reached skill level 5 in Summonings
  3794 | D:4      | Found a snail-covered altar of Cheibriados.
  3794 | D:4      | Found an ornate altar of the Wu Jian Council.
  4062 | D:5      | Entered Level 5 of the Dungeon
  4190 | D:5      | Noticed an ice beast
  4227 | D:5      | Killed an ice beast
  4228 | D:5      | Reached XP level 7. HP: 38/56 MP: 2/10
  4429 | D:5      | Identified the +9 hand axe of Omunler {vorpal, +Blink rPois
                  | rC+}
  4445 | D:5      | Gained mutation: You are sensitive to extremes of
                  | temperature. (rF-, rC-) [Ru sacrifice]
  4445 | D:5      | Reached * piety under Ru
  4445 | D:5      | Reached ** piety under Ru
  4461 | D:5      | Found a radiant altar of Vehumet.
  4477 | D:5      | Reached skill level 1 in Axes
  4515 | D:5      | Noticed Menkaure
  4517 | D:5      | Noticed a nameless horror
  4967 | D:5      | Killed Menkaure
  4968 | D:5      | Reached XP level 8. HP: 44/63 MP: 6/11
  4985 | D:6      | Reached skill level 6 in Summonings
  4988 | D:6      | Slain by an ogre

Illustrated notes

Levels and vault maps discovered:
D:1:      amcnicky_arrival_feature_with_door, layout_basic,
          chequers_ecumenical_altar_twisty, serial_shops, shop
D:2:      layout_basic, roderic_roman_lattice
D:3:      layout_basic, lemuel_crystal_altar, nicolae_tso_besieged_by_evil,
          nicolae_ru_sacrificial_ziggurat, nicolae_qazlal_style_of_elements
D:4:      layout_loops_corners, mainiacjoe_overflow_boulevard,
          gammafunk_temple_overflow_statue, serial_shops, shop_fountains
D:5:      layout_basic, nicolae_vehumet_radiance, uniq_menkaure
D:6:      layout_loops_ring, jmf_multi_god_temple2,
          minmay_temple_entry_water_ring

Skill      XL: |  1  2  3  4  5  6  7  8 |
---------------+-------------------------+-----
Dodging        | 2 3 |  3.5
Spellcasting   | 2 3 |  3.0
Fighting       | 1 2 3 |  3.5
Summonings     | 4 5 6 |  6.0
Armour         | 1 2 |  2.9
Stealth        | 3 |  3.0
Axes           | 2 |  2.3

Action                   |  1- 3 |  4- 6 |  7- 9 || total
-------------------------+-------+-------+-------++-------
Melee: Unarmed           |    29 |       |       ||    29
       Club              |     3 |       |       ||     3
       Spear             |    53 |   220 |     7 ||   280
       Whip              |    11 |       |       ||    11
       Punch             |       |     2 |     1 ||     3
       Hand axe          |       |       |    39 ||    39
 Cast: Summon Small Mamm |     9 |     6 |       ||    15
       Call Imp          |     3 |    15 |     5 ||    23
       Call Canine Famil |       |     5 |     3 ||     8
Invok: Sacrifice Resista |       |       |     1 ||     1
 Stab: Sleeping          |     5 |     5 |     1 ||    11
       Distracted        |       |     1 |       ||     1
       Invisible         |       |       |     1 ||     1
Armor: Robe              |     9 |       |       ||     9
       Leather armour    |    14 |    66 |    27 ||   107
Dodge: Dodged            |    58 |   126 |    37 ||   221
